[Event "CZE-ch U10 Open 2023"]
[Site "Teplice"]
[Date "2023.03.11"]
[Round "1.1"]
[White "Moravec, Rene"]
[Black "Filindash, Nikita"]
[Result "0-1"]
[ECO "A13"]
[WhiteElo "1216"]
[BlackElo "2021"]
[Annotator "TA"]
[PlyCount "110"]
[EventDate "2023.03.09"]
[EventType "swiss"]
[EventCountry "CZE"]
[SourceTitle "playchess.com"]
[Source "ChessBase"]
[SourceQuality "1"]
[TimeControl "40/5400+30:1800+30"]

1. c4 e6 2. d4 d5 3. e3 c6 4. g3 Nf6 5. Nd2 Nbd7 6. Bg2 {[%emt 0:00:53] D10: Slav Defence: 3 cxd5 (without early Nf3) and 3 Nc3.} Bd6 7. Ngf3 O-O 8. O-O {[%emt 0:01:36] The position is equal.} Re8 {[%emt 0:00:33] [#]} 9. Qc2 $146 ({Predecessor:} 9. b3 e5 10. dxe5 Nxe5 11. Bb2 Bg4 12. Qc2 Nxf3+ 13. Nxf3 dxc4 14. Qxc4 Be6 15. Qc2 {1-0 Goulyanitsky,A-Filchina,E (1827) Dvorkovich Memorial op 4th 2009 (4)}) 9... e5 10. dxe5 Nxe5 11. cxd5 Nxd5 12. Nb3 Nxf3+ 13. Bxf3 Qf6 14. Bg2 Nb4 15. Qe2 Be6 16. Nd4 (16. Rd1 $11 Bd5 17. Bxd5 Nxd5 18. Qc2) 16... Bxa2 $17 {[%emt 0:01:24][%cal Of6d4] Black has more active pieces. The white rooks are badly placed.} ({Much weaker is} 16... Nxa2 $6 17. Bd2 $11) 17. b3 Qxd4 18. Ba3 $2 {[%emt 0:01:59][%mdl 8192] [#] White does not recover from this.} (18. Qxa2 $17 Nxa2 19. exd4 Nxc1 20. Rfxc1) 18... Bxb3 $19 19. exd4 Rxe2 20. Rab1 $2 (20. Bxb4 Bxb4 21. Rab1) 20... Bc2 21. Bxb4 Bxb1 22. Bxd6 Bd3 23. Bf3 Re6 24. Rd1 Bc2 25. Rd2 Rxd6 26. Rxc2 Rxd4 {[%emt 0:00:06][%mdl 4096] Endgame KRR-KRB} 27. Re2 g6 {[%emt 0:00:12] And now ...a5 would win.} 28. Re7 Rb8 29. Kg2 a5 {[%emt 0:00:10] ...a4 would be deadly.} 30. Re3 a4 31. Ra3 c5 {[%emt 0:00:05][%cal Bc6c5,Bc5c4][%mdl 32] [#] ...b5 is the strong threat.} 32. Be2 b5 33. Kf3 Rb4 {[%emt 0:00:14] White must now prevent ...Rb3+.} 34. Ke3 Rb3+ {[%emt 0:00:17] Black mates.} 35. Rxb3 axb3 {[%emt 0:00:08] KR-KB} 36. Kd3 c4+ 37. Kc3 Re8 38. Bf3 Re1 39. Bc6 Rc1+ 40. Kb2 Rc2+ 41. Ka3 Ra2+ 42. Kb4 b2 43. Bxb5 b1=Q+ 44. Kxc4 Rc2+ 45. Kd5 Qxb5+ 46. Ke4 Qc4+ 47. Kf3 Qe2+ 48. Kg2 Qxf2+ 49. Kh3 Qxh2+ 50. Kg4 h5+ 51. Kg5 Qxg3+ 52. Kf6 Rc6+ 53. Ke7 Qe5+ 54. Kd8 Qc7+ 55. Ke8 Re6# {[%emt 0:00:07] Weighted Error Value: White=0.75/Black=0.28 (precise)} 0-1

[Event "CZE-ch U10 Open 2023"]
[Site "Teplice"]
[Date "2023.03.11"]
[Round "1.2"]
[White "Kolar, Edvard"]
[Black "Vorlik, Jachym"]
[Result "1-0"]
[ECO "C00"]
[WhiteElo "1518"]
[BlackElo "1204"]
[Annotator "NA RC COMBH"]
[PlyCount "121"]
[EventDate "2023.03.09"]
[EventType "swiss"]
[EventCountry "CZE"]
[SourceTitle "playchess.com"]
[Source "ChessBase"]
[SourceQuality "1"]
[TimeControl "40/5400+30:1800+30"]

1. e4 e6 2. f4 d5 3. e5 c5 4. c3 Nc6 5. d4 Nge7 6. Nf3 Nf5 7. Be2 Be7 8. O-O O-O 9. Na3 Qb6 10. Nc2 Bd7 11. b3 Rac8 12. Be3 Qa5 13. Bd2 Qb6 14. Be1 a6 15. Bf2 Qa5 16. c4 dxc4 17. bxc4 cxd4 18. Ncxd4 Rfd8 19. Nxf5 exf5 20. Qb3 Rb8 21. Kh1 Be6 22. Bb6 Qb4 23. Bxd8 Rxd8 24. Rad1 Rc8 25. Nd4 Nxd4 26. Qxb4 Bxb4 27. Rxd4 h6 28. Rb1 Bc3 29. Rd3 Ba5 30. Ra3 Bd2 31. Rxb7 Bxf4 32. Rxa6 Bxe5 33. Ra5 Bxc4 34. Bxc4 Rxc4 35. Rb1 Re4 36. a4 Kh7 37. Rab5 f6 38. a5 Ra4 39. g3 Kg6 40. Rc1 Bd4 41. Rc6 Kg5 42. Rc2 Ra3 43. Rc7 Kg6 44. Rd7 Be5 45. Rbd5 Ra1+ 46. Kg2 Ra2+ 47. Kf3 Ra3+ 48. Ke2 Ra2+ 49. Kd3 Rxh2 50. a6 Ra2 51. a7 Bxg3 52. Rb7 Bf2 53. Rdd7 f4 54. Rxg7+ Kh5 55. Rb5+ Kh4 56. Rb1 Ra3+ 57. Ke2 Bd4 58. Rh1+ Rh3 59. Rxh3+ Kxh3 60. a8=Q f3+ 61. Qxf3+ 1-0

[Event "CZE-ch U10 Open 2023"]
[Site "Teplice"]
[Date "2023.03.11"]
[Round "1.3"]
[White "Bucek, Vit"]
[Black "Vo, Daniel"]
[Result "0-1"]
[ECO "B56"]
[WhiteElo "1198"]
[BlackElo "1440"]
[Annotator "NA RC COMBH"]
[PlyCount "172"]
[EventDate "2023.03.09"]
[EventType "swiss"]
[EventCountry "CZE"]
[SourceTitle "playchess.com"]
[Source "ChessBase"]
[SourceQuality "1"]
[TimeControl "40/5400+30:1800+30"]

1. e4 c5 2. Nf3 d6 3. d4 cxd4 4. Nxd4 Nf6 5. Nc3 Nc6 6. Bb5 Bd7 7. Be3 e6 8. f3 Be7 9. O-O O-O 10. Qd2 a6 11. Be2 Rc8 12. Rad1 Qc7 13. f4 Rfd8 14. h3 e5 15. fxe5 dxe5 16. Nf3 Bxh3 17. Qc1 Be6 18. Nh4 Nxe4 19. Nxe4 Bxh4 20. Bg5 Bxg5 21. Qxg5 Kh8 22. Rd3 Nd4 23. Bd1 h6 24. Qh5 Qb6 25. Kh1 Bc4 26. Rf6 Rc6 27. Rxc6 Qxc6 28. Rc3 Nb5 29. Re3 Bd5 30. Rd3 Nd4 31. Rc3 Qe8 32. Bf3 Qb5 33. b3 Nxf3 34. gxf3 Bxe4 35. fxe4 Qf1+ 36. Kh2 Rd2+ 37. Kg3 Qg2+ 38. Kh4 Qh2+ 39. Rh3 Qf4+ 40. Qg4 Qxg4+ 41. Kxg4 Rxc2 42. Kf5 f6 43. a4 Rf2+ 44. Kg6 Rf4 45. Rd3 Rg4+ 46. Kf5 Rg5+ 47. Ke6 h5 48. Rh3 Kh7 49. Kf7 Kh6 50. Ke6 Rg4 51. Kf5 Rf4+ 52. Ke6 Rxe4 53. Kd5 Rg4 54. Ke6 Kg5 55. Kd5 Rh4 56. Rg3+ Rg4 57. Rh3 Kf4 58. Rxh5 e4 59. Kd4 e3 60. Rh1 Kf3+ 61. Kd3 Re4 62. Rh3+ Kg2 63. Kxe4 Kxh3 64. Kxe3 g5 65. Kf2 f5 66. Kg1 g4 67. b4 g3 68. b5 axb5 69. axb5 g2 70. b6 f4 71. Kf2 f3 72. Kg1 f2+ 73. Kxf2 Kh2 74. Kf3 g1=Q 75. Ke4 Qxb6 76. Kd5 Qb4 77. Ke6 Qc5 78. Kd7 Qb6 79. Kc8 Qd6 80. Kxb7 Kg3 81. Ka7 Qb4 82. Ka6 Kf4 83. Ka7 Ke5 84. Ka8 Kd6 85. Ka7 Kc7 86. Ka8 Qa4# 0-1

[Event "CZE-ch U10 Open 2023"]
[Site "Teplice"]
[Date "2023.03.11"]
[Round "1.4"]
[White "Velim, Vojtech"]
[Black "Lutskiy, Mikhail"]
[Result "1-0"]
[ECO "D11"]
[WhiteElo "1369"]
[BlackElo "1150"]
[Annotator "NA RC COMBH"]
[PlyCount "97"]
[EventDate "2023.03.09"]
[EventType "swiss"]
[EventCountry "CZE"]
[SourceTitle "playchess.com"]
[Source "ChessBase"]
[SourceQuality "1"]
[TimeControl "40/5400+30:1800+30"]

1. d4 d5 2. c4 c6 3. Nf3 Bf5 4. Nc3 Nf6 5. Bg5 e6 6. cxd5 exd5 7. e3 Be7 8. Bd3 Bg6 9. Ne5 Nbd7 10. Nxg6 fxg6 11. Qc2 Qb6 12. O-O O-O 13. Ne2 Qc7 14. Nf4 Qd6 15. Nh3 Nh5 16. f4 Nhf6 17. f5 gxf5 18. Bf4 Qb4 19. Bc7 Ne4 20. Rfd1 Bd8 21. Bxd8 Raxd8 22. Nf4 Qe7 23. Bxe4 fxe4 24. Rf1 Nb6 25. b3 Nd7 26. Qe2 Rde8 27. Qg4 Rf6 28. Rf2 Ref8 29. Raf1 Qf7 30. Kh1 Rf5 31. Ne6 Qxe6 32. Rxf5 Nf6 33. Qh3 Qd6 34. Qg3 Qb4 35. Rxf6 Rxf6 36. Rxf6 g6 37. Rf1 Qb5 38. Qf4 Qxf1+ 39. Qxf1 Kg7 40. Qf4 b6 41. Qc7+ Kh6 42. h4 c5 43. dxc5 bxc5 44. Kh2 d4 45. Qxc5 d3 46. Qxa7 d2 47. Qd4 g5 48. Qf6+ Kh5 49. Qxg5# 1-0

[Event "CZE-ch U10 Open 2023"]
[Site "Teplice"]
[Date "2023.03.11"]
[Round "1.5"]
[White "Broz, Pavel"]
[Black "Gernert, Tomas"]
[Result "0-1"]
[ECO "B30"]
[WhiteElo "1870"]
[BlackElo "1362"]
[Annotator "NA RC COMBH"]
[PlyCount "54"]
[EventDate "2023.03.09"]
[EventType "swiss"]
[EventCountry "CZE"]
[SourceTitle "playchess.com"]
[Source "ChessBase"]
[SourceQuality "1"]
[TimeControl "40/5400+30:1800+30"]

1. e4 c5 2. Nf3 Nc6 3. c3 d5 4. e5 Bg4 5. d3 Nxe5 6. Be2 Nxf3+ 7. Bxf3 Bxf3 8. Qxf3 Nf6 9. Bf4 e6 10. Nd2 Bd6 11. O-O O-O 12. Bg5 Be7 13. Rac1 b5 14. c4 dxc4 15. dxc4 h6 16. Bxf6 Bxf6 17. Nb3 bxc4 18. Rxc4 Bxb2 19. Rxc5 a5 20. Rd1 Qb6 21. Rc6 Qb4 22. Rc2 Bf6 23. Nd2 Rab8 24. a3 Qa4 25. Rc4 Qb5 26. Rg4 Bg5 27. Ne4 $17 f5 0-1

[Event "CZE-ch U10 Open 2023"]
[Site "Teplice"]
[Date "2023.03.11"]
[Round "1.6"]
[White "Koutecky, Vaclav"]
[Black "Skoloud, Josef"]
[Result "1-0"]
[ECO "D00"]
[WhiteElo "2060"]
[BlackElo "1090"]
[Annotator "TA"]
[PlyCount "41"]
[EventDate "2023.03.09"]
[EventType "swiss"]
[EventCountry "CZE"]
[SourceTitle "playchess.com"]
[Source "ChessBase"]
[SourceQuality "1"]
[TimeControl "40/5400+30:1800+30"]

1. d4 d5 2. e4 dxe4 3. Nc3 Nf6 4. Bg5 Bf5 5. f3 exf3 (5... Nbd7 $15) 6. Qxf3 $11 {[%emt 0:00:26] D00: 1 d4 d5: Unusual lines.} Bxc2 (6... Qc8 $15 {stays ahead.}) 7. Qxb7 (7. Rc1 $142 c6 8. Rxc2) 7... Nbd7 $16 8. Bb5 {[%emt 0:03:03] And now Nf3 would win. White is slightly better.} (8. Nb5 $5 Rc8 9. Rc1 $16 (9. Qxa7 e6 $17)) 8... a6 {[%emt 0:06:52] [#]} 9. Bc6 $146 {[%emt 0:03:29] White is much more active.} ({And not} 9. Bxa6 Rb8 10. Qc6 Rb6 $11) ({White should play} 9. Nd5 $1 $16 Rc8 10. Bxa6) ({Predecessor:} 9. Rc1 Bf5 10. Nge2 Qb8 11. Qc6 axb5 12. Nxb5 Rxa2 13. Nxc7+ Kd8 14. Na6 Rxa6 15. Qxa6 {0-1 Podolsky,A (2004)-Babiy,O (2128) UKR-ch sf Alushta 2006 (7)}) 9... Rb8 $11 10. Qxa6 {[%emt 0:03:45] Strongly threatening Nf3.} Rxb2 (10... h6 $11 11. Qe2 hxg5 12. Qxc2 e6) 11. Nb5 $2 (11. Nf3 $16 {keeps the pressure on.} h6 12. Ne5 hxg5 13. O-O) 11... Bd3 $2 (11... e5 $19 {Hoping for ...Bb4+.} 12. a3 Be7) 12. Qa5 (12. Nf3 $11 {and White is okay.}) 12... Bxb5 $19 13. Bxb5 Rxg2 $2 {[%emt 0:02:30] [#]} (13... Qb8 $17 14. Bc6 e6) 14. Bc6 (14. Bxf6 $1 $18 c6 15. Qxd8+ Kxd8 16. Bxc6 Rxg1+ 17. Rxg1 gxf6 18. Ke2) 14... Rc2 $11 15. Qa4 Rb2 (15... Rxc6 $15 16. Qxc6 e6) 16. Bb5 $2 (16. Nf3 $1 $14 h6 17. Bxf6 gxf6 18. O-O-O) 16... Rg2 $4 {[%emt 0:02:16][%mdl 8192] [#]} (16... Rxb5 $19 17. Qxb5 Qa8) 17. Nf3 (17. Bxf6 $1 $18 exf6 18. Bxd7+ {[%mdl 64] Deflection} Qxd7 19. Qa8+ Qd8 20. Qxg2) 17... Ne4 $2 (17... e6 $11) 18. Ne5 $18 c6 19. Bxc6 {[%emt 0:00:37] This pair of bishops is nice.} Qb6 20. Qa8+ Qd8 21. Bxd7# {[%emt 0:00:14] White used his chance.   Weighted Error Value: White=1.62/Black=1.39} 1-0

[Event "CZE-ch U10 Open 2023"]
[Site "Teplice"]
[Date "2023.03.11"]
[Round "1.7"]
[White "Galia, Simon"]
[Black "Kozusnik, Jan"]
[Result "1-0"]
[ECO "B01"]
[WhiteElo "1071"]
[BlackElo "1286"]
[Annotator "NA RC COMBH"]
[PlyCount "27"]
[EventDate "2023.03.09"]
[EventType "swiss"]
[EventCountry "CZE"]
[SourceTitle "playchess.com"]
[Source "ChessBase"]
[SourceQuality "1"]
[TimeControl "40/5400+30:1800+30"]

1. e4 d5 2. exd5 Nf6 3. d4 Nxd5 4. Nf3 Bg4 5. c4 Nb6 6. c5 Nd5 7. Qb3 b6 8. Ne5 Be6 9. Bb5+ Nd7 10. Bxd7+ Bxd7 11. Qxd5 e6 12. Qf3 f6 13. Nxd7 Kxd7 14. b4 1-0

[Event "CZE-ch U10 Open 2023"]
[Site "Teplice"]
[Date "2023.03.11"]
[Round "1.11"]
[White "Kupka, Frantisek"]
[Black "Fadrny, Jonas"]
[Result "1-0"]
[ECO "C02"]
[WhiteElo "1988"]
[BlackElo "1247"]
[Annotator "TA"]
[PlyCount "63"]
[EventDate "2023.03.09"]
[EventType "swiss"]
[EventCountry "CZE"]
[SourceTitle "playchess.com"]
[Source "ChessBase"]
[SourceQuality "1"]
[TimeControl "40/5400+30:1800+30"]

1. e4 e6 2. d4 d5 3. e5 c5 4. c3 Nc6 5. Nf3 cxd4 6. cxd4 Bb4+ 7. Bd2 Qb6 8. Nc3 {[%emt 0:05:08] C02: French: Advance Variation.} (8. Bxb4 $14 Qxb4+ 9. Qd2) 8... Nxd4 $11 9. Nxd4 Qxd4 10. Bb5+ $1 {[%emt 0:00:52] The position is equal.} Bd7 (10... Kf8 $11) 11. Bxd7+ $14 Kxd7 12. Qa4+ $1 Kd8 {[%emt 0:00:43] [#] Strongly threatening ...Bxc3.} 13. O-O-O $146 {[%emt 0:02:21] Black must now prevent Bg5+.} ({Predecessor:} 13. Qc2 Qxe5+ 14. Ne2 Bxd2+ 15. Qxd2 Nf6 16. O-O Ke7 17. Rfc1 Rhd8 18. Rc2 Kf8 19. Nd4 {0-1 Molina,V (802)-Lombardi,D (871) SN-2016-0-00802}) 13... Bxc3 $4 {[%emt 0:00:28][%mdl 8192] This costs Black the game.} (13... Qc4 $1 $11 {and Black stays safe.}) 14. Bg5+ $18 f6 15. Rxd4 Bxd4 16. Bxf6+ Nxf6 17. Qxd4 Nd7 18. Qg4 g6 (18... Rc8+ $142 19. Kb1 Re8 20. Qxg7 Rc7 21. Qxh7 Nxe5) 19. Qxe6 Re8 20. Qxd5 {[%emt 0:01:18] [#] e6 would be deadly.} Rxe5 21. Qxb7 Rc8+ 22. Kb1 Rb8 23. Qxa7 {[%emt 0:01:17] White wants to mate with Rd1.} Re2 24. b3 {[%emt 0:01:39] Rd1 would kill now.} Re7 25. Rd1 Kc8 26. Qa6+ Rb7 27. Qc6+ (27. Rc1+ $142 Kb8 28. Qd6+ Ka8 29. Qxe7 Nb8 30. Qa3+ Ra7 31. Qb4 Rb7 32. Qa5+ Na6 33. Qxa6+ Kb8 34. Qd6+ Ka8 35. Rc8+ Ka7 36. Qc6 h6 37. Qa4+ Kb6 38. Rc6#) 27... Rc7 {[%emt 0:00:37] White is clearly winning.} 28. Qa8+ Nb8 29. Qd5 Rcd7 30. Qg8+ Kb7 31. Rxd7+ Rxd7 32. Kb2 {[%emt 0:01:37] Weighted Error Value: White=0.06 (flawless) /Black=1.73} 1-0

[Event "CZE-ch U10 Open 2023"]
[Site "Teplice"]
[Date "2023.03.12"]
[Round "2.1"]
[White "Filindash, Nikita"]
[Black "Fadrny, Jachym"]
[Result "1-0"]
[ECO "E70"]
[WhiteElo "2021"]
[BlackElo "1279"]
[Annotator "TA"]
[PlyCount "61"]
[EventDate "2023.03.09"]
[EventType "swiss"]
[EventCountry "CZE"]
[SourceTitle "playchess.com"]
[Source "ChessBase"]
[SourceQuality "1"]
[TimeControl "40/5400+30:1800+30"]

1. d4 Nf6 2. c4 g6 3. Nc3 Bg7 4. e4 Nc6 5. Nf3 d6 6. Be2 {[%emt 0:00:33] E90: King's Indian: Classical: Early deviations and 6 h3.} Bg4 7. d5 Bxf3 {[%emt 0:00:51][%mdl 64] Remove Defender} 8. Bxf3 {[%emt 0:00:14] White is better.} Ne5 {[%emt 0:00:40] [#]} 9. Be2 $1 O-O 10. O-O Nfd7 $2 {[%emt 0:01:54] [#]} (10... Re8 $16 {keeps fighting.}) 11. f4 $146 ({Predecessor:} 11. Bd2 Nb6 12. b3 Ned7 13. Rc1 Nc5 14. Qc2 e6 15. Rfd1 Bxc3 16. Bxc3 Re8 17. Bf3 Nbd7 {1-0 Mbakhwa,F-Tatolo,K Gaborone Bill Doctor Year op 2010 (6)}) 11... Nxc4 12. Bxc4 Nc5 13. Re1 c6 14. dxc6 Qb6 $2 {[%emt 0:00:47] [#]} (14... bxc6 15. e5 Qb6) 15. Nd5 Qd8 16. cxb7 Rb8 17. Be3 Bxb2 (17... e6 $142 18. Nc3 Rxb7) 18. Rb1 Ba3 19. Bc1 (19. f5 $142 e6 20. fxe6 fxe6 21. Nf4) 19... Bxc1 {[%emt 0:00:56] Black is weak on the light squares} 20. Qxc1 e6 21. Nc3 Nxb7 22. Qd2 Qa5 23. Rb5 {[%emt 0:00:52] Prevents Qc5+} Qc7 24. Bf1 Rfc8 25. Reb1 Qd7 $2 (25... a6) 26. Qb2 {[%emt 0:01:22] White is clearly winning.} Rc7 27. a4 Qc6 28. Rb3 h6 29. Kh1 Rd7 30. Bb5 Qc7 31. Bxd7 {[%emt 0:00:16][%mdl 64] Discovered Attack. Black got outplayed after the opening.   Weighted Error Value: White=0.48/Black=0.70} 1-0

[Event "CZE-ch U10 Open 2023"]
[Site "Teplice"]
[Date "2023.03.12"]
[Round "2.2"]
[White "Zelenka, Tomas"]
[Black "Kolar, Edvard"]
[Result "0-1"]
[ECO "B01"]
[WhiteElo "1272"]
[BlackElo "1518"]
[Annotator "NA RC COMBH"]
[PlyCount "88"]
[EventDate "2023.03.09"]
[EventType "swiss"]
[EventCountry "CZE"]
[SourceTitle "playchess.com"]
[Source "ChessBase"]
[SourceQuality "1"]
[TimeControl "40/5400+30:1800+30"]

1. e4 d5 2. exd5 Qxd5 3. Nc3 Qd6 4. d4 c6 5. Nf3 Bg4 6. Be2 Nf6 7. O-O Nbd7 8. Bg5 e6 9. Re1 Be7 10. h3 Bf5 11. Qd2 Qc7 12. Rad1 O-O 13. Bd3 Bxd3 14. Qxd3 Rad8 15. Ne4 c5 16. Bxf6 Bxf6 17. Neg5 Bxg5 18. Nxg5 Nf6 19. c3 h6 20. Ne4 Nxe4 21. Rxe4 Qb6 22. Qc2 cxd4 23. cxd4 Rc8 24. Qb1 Rc6 25. Rd3 Rfc8 26. Qe1 Qxb2 27. Kh2 Qxa2 28. Rg3 Qd5 29. Qe3 Rc3 30. Qe2 Rc2 31. Qg4 g5 32. Re5 Qd8 33. Qh5 Qxd4 34. Ree3 Kg7 35. h4 R8c4 36. Qf3 Qxh4+ 37. Rh3 Qxf2 38. Qxb7 Rc6 39. Rhg3 Rc1 40. Rgf3 Qh4+ 41. Rh3 Qf4+ 42. Rhg3 Qf1 43. Rh3 Qg1+ 44. Kg3 Qxe3+ 0-1

[Event "CZE-ch U10 Open 2023"]
[Site "Teplice"]
[Date "2023.03.12"]
[Round "2.3"]
[White "Vo, Daniel"]
[Black "Trejbal, Jindrich"]
[Result "0-1"]
[ECO "C41"]
[WhiteElo "1440"]
[BlackElo "1937"]
[Annotator "TA"]
[PlyCount "110"]
[EventDate "2023.03.09"]
[EventType "swiss"]
[EventCountry "CZE"]
[SourceTitle "playchess.com"]
[Source "ChessBase"]
[SourceQuality "1"]
[TimeControl "40/5400+30:1800+30"]

1. e4 e5 2. Nf3 d6 3. d4 exd4 4. Nxd4 g6 5. Nc3 Bg7 6. Bc4 Ne7 7. Be3 O-O 8. O-O Nbc6 9. Qd2 Ne5 {[%emt 0:03:28] C46: 3 Nc3: Unusual Black 3rd moves.} 10. Bb3 {[%emt 0:10:27] [#]} (10. Be2 $5) 10... b6 $146 {[%emt 0:02:58] [#]} (10... c5 $1 $11 {keeps the balance.} 11. Nde2 Be6) ({Predecessor:} 10... a6 11. a3 Kh8 12. h3 Bd7 13. f4 N5c6 14. f5 Nxd4 15. Bxd4 gxf5 16. Bxg7+ Kxg7 17. Qg5+ {0-1 Arsic,D (1854)-Tomic,S (2082) SRB Central-ch op-B 4th 2011 (4)}) 11. f4 (11. Bg5 $1 $16 Qd7 12. Ba4) 11... Ng4 $11 {[%emt 0:00:28] The position is equal.} 12. f5 {[%emt 0:00:26] Bg5 would be deadly.} (12. Rad1 $5 ) 12... Ba6 $2 {[%emt 0:13:05][%mdl 8192] [#]} (12... c5 $11 13. Nde2 Nxe3 14. Qxe3 gxf5) 13. Rf4 $2 ({Only move:} 13. Bg5 $1 $18) 13... Nxe3 14. Qxe3 {[%emt 0:00:21] Threatens to win with f6.} Bh6 (14... c5 $11 15. Ndb5 Bxb5) 15. f6 $1 $16 Nc8 $2 (15... Bxf4 $2 16. Qxf4 $18) (15... c5 $16) 16. Bd5 $2 (16. Qg3 $18) 16... Qxf6 $17 {[%emt 0:04:47][%mdl 64] Pin} (16... Bxf4 $2 17. Qxf4 Kh8 18. Bxa8 $18) 17. Bxa8 $4 (17. g3 $17 Bxf4 18. gxf4) 17... Qxf4 $2 ({Better is} 17... Bxf4 $19 18. Qf3 Qxd4+ 19. Kh1 Be5) 18. Qxf4 $15 Bxf4 19. Kf2 {[%emt 0:00:21] Inhibits Be3+.} (19. Nd5 $15 Be5 20. c3) 19... Ne7 (19... Bxh2 20. g3 $14) 20. Nd5 Nxd5 (20... Bxh2 $2 21. Nxe7+ Kg7 22. Bc6 $18) 21. Bxd5 Be5 $36 {[%emt 0:02:41][%mdl 2048] Black is really pushing. This pair of bishops is nice.} ({Don't do} 21... Bxh2 22. g3 $14) 22. c3 Bxd4+ ({But not} 22... Bxh2 23. g3 $16) 23. cxd4 $17 {[%emt 0:00:05][%mdl 4096] Endgame KRB-KRB} Kg7 24. Ke3 f5 25. e5 (25. Rc1 $17 {might work better.} c5 26. dxc5 dxc5 27. b4) 25... dxe5 $19 26. dxe5 Re8 27. Kd4 $2 (27. Kf4) 27... c5+ (27... Rd8 $142 28. Rd1 c6 {[%mdl 64] Pin}) 28. Kc3 Rxe5 29. Bf3 Re7 30. Rd1 Kf6 31. Rd6+ Ke5 32. Rd1 Ke6 33. Bd5+ Kf6 34. Bf3 (34. Rd2 $142) 34... Bb7 35. Bxb7 Rxb7 {[%emt 0:00:12] KR-KR} 36. Rd6+ Ke7 37. Rd2 Rd7 {[%emt 0:00:26] Hoping for ...Rxd2.} 38. Re2+ Kd6 39. Rd2+ Kc6 {[%emt 0:01:01] aiming for ...Rxd2.} 40. Re2 Rf7 41. Re6+ Kd5 42. Re3 f4 43. Rf3 Ke4 44. Kd2 g5 45. h3 (45. Rh3 $142) 45... h5 {[%emt 0:01:57] Black is clearly winning.} 46. Rf2 Rd7+ 47. Kc2 Ke3 48. Rf3+ Ke2 49. Ra3 Rd2+ 50. Kc1 Rd3 51. Rxa7 Kf2 52. Rg7 Kxg2 53. Rxg5+ Rg3 54. Rxh5 f3 {[%emt 0:00:19][%cal Bf4f3,Bf3f2][%mdl 32] ( -> ...f2)} 55. Rf5 f2 {[%emt 0:00:29] Black used his chance.   Weighted Error Value: White=1.09/Black=0.75} 0-1

[Event "CZE-ch U10 Open 2023"]
[Site "Teplice"]
[Date "2023.03.12"]
[Round "2.4"]
[White "Kroulik, Stepan"]
[Black "Velim, Vojtech"]
[Result "1-0"]
[ECO "B13"]
[WhiteElo "1228"]
[BlackElo "1369"]
[Annotator "NA RC COMBH"]
[PlyCount "71"]
[EventDate "2023.03.09"]
[EventType "swiss"]
[EventCountry "CZE"]
[SourceTitle "playchess.com"]
[Source "ChessBase"]
[SourceQuality "1"]
[TimeControl "40/5400+30:1800+30"]

1. e4 c6 2. d4 d5 3. exd5 cxd5 4. Nf3 Bg4 5. Bb5+ Nd7 6. O-O e6 7. Nc3 Bd6 8. Re1 a6 9. Ba4 Ne7 10. h3 Bf5 11. Ne5 Bxe5 12. dxe5 b5 13. Bb3 O-O 14. Kh1 Rc8 15. f4 Ng6 16. Bd2 Nc5 17. a3 d4 18. Ne2 Nxb3 19. cxb3 Bc2 20. Qc1 Bxb3 21. Qb1 Nh4 22. Qd3 Qd5 23. Qg3 Qd8 24. Qxb3 d3 25. Nc3 Nf5 26. Qd1 Nd4 27. Rc1 Nc2 28. Rf1 Qb6 29. Qf3 Rfd8 30. f5 Nd4 31. Qf2 exf5 32. Be3 Qc5 33. Rfd1 Qxe5 34. Rxd3 Nb3 35. Rxd8+ Rxd8 36. Re1 1-0

[Event "CZE-ch U10 Open 2023"]
[Site "Teplice"]
[Date "2023.03.12"]
[Round "2.5"]
[White "Gernert, Tomas"]
[Black "Galia, Simon"]
[Result "1-0"]
[ECO "C42"]
[WhiteElo "1362"]
[BlackElo "1071"]
[Annotator "NA RC COMBH"]
[PlyCount "71"]
[EventDate "2023.03.09"]
[EventType "swiss"]
[EventCountry "CZE"]
[SourceTitle "playchess.com"]
[Source "ChessBase"]
[SourceQuality "1"]
[TimeControl "40/5400+30:1800+30"]

1. e4 e5 2. Nf3 Nf6 3. Nc3 Bb4 4. d3 Nc6 5. Bg5 h6 6. Bxf6 Qxf6 7. a3 Bxc3+ 8. bxc3 d6 9. d4 Bg4 10. d5 Ne7 11. Be2 Ng6 12. h3 Bxf3 13. Bxf3 Nh4 14. O-O O-O 15. Rb1 b6 16. Rb4 a5 17. Rc4 Rfc8 18. Bg4 Rcb8 19. Rxc7 g6 20. g3 h5 21. Be2 Qg5 22. Kh1 Nf5 23. exf5 Qxf5 24. Kh2 h4 25. Bb5 hxg3+ 26. fxg3 Qg5 27. Rfxf7 Rc8 28. Rg7+ Kh8 29. Rh7+ Kg8 30. Rcg7+ Kf8 31. Qf3+ Qf5 32. Rf7+ Kg8 33. Rxf5 Kxh7 34. Rf7+ Kg8 35. Qf6 Rxc3 36. Qg7# 1-0